 Dungeon Crawl Stone Soup version 0.22-a0-776-ge6d7efa (webtiles) character file.

4 sking99 the Firebug (level 1, 0/14 HPs)
             Began as a Draconian Fire Elementalist on July 18, 2018.
             Slain by a jackal (2 damage)
             ... on level 1 of the Dungeon.
             The game lasted 00:00:53 (65 turns).

sking99 the Firebug (Draconian Fire Elementalist)     Turns: 65, Time: 00:00:54

Health: 0/14       AC:  4    Str: 10    XL:     1   Next: 58%
Magic:  0/3        EV: 12    Int: 15    God:
Gold:   0          SH:  0    Dex: 11    Spells: 3/4 levels left

rFire    + . .     SeeInvis .   (no weapon)
rCold    + . .     Gourm    .   (no shield)
rNeg     . . .     Faith    .   (armour unavailable)
rPois    +         Spirit   .   (helmet restricted)
rElec    +         Reflect  .   (no cloak)
rCorr    +         Harm     .   (no gloves)
MR       .....                  (no boots)
Stlth    ++........             (no amulet)
HPRegen  0.04/turn              (no ring)
MPRegen  0.08/turn              (no ring)

@: resistant
A: unfitting armour, cold-blooded, AC +4
a: no special abilities


You were on level 1 of the Dungeon.
You were not hungry.

You visited 1 branch of the dungeon, and saw 1 of its levels.

Inventory:

Comestibles
 b - 2 rations


   Skills:
 - Level 1.7 Dodging
 - Level 1.7 Stealth
 + Level 2.0 Spellcasting
 * Level 1.2 Conjurations
 * Level 3.1 Fire Magic


You had 3 spell levels left.
You knew the following spells:

 Your Spells              Type           Power        Failure   Level  Hunger
a - Flame Tongue          Conj/Fire      #....        9%          1    #......

Your spell library contained the following spells:

 Spells                   Type           Power        Failure   Level  Hunger
 Fireball                 Conj/Fire      #.........   94%         5    ######.
 Conjure Flame            Conj/Fire      #.......     26%         3    ###....
 Throw Flame              Conj/Fire      #.....       14%         2    ###....
 Sticky Flame             Conj/Fire      #.......     65%         4    #####..
 Inner Flame              Hex/Fire       #.......     34%         3    ###....


Dungeon Overview and Level Annotations

Branches:
Dungeon (1/15)

Altars:
Xom


Innate Abilities, Weirdness & Mutations

Your plain brown scales are hard. (AC +4)
You cannot fit into any form of body armour.
You are cold-blooded and may be slowed by cold attacks.


Message History

You kill the kobold!
The bat hits you but does no damage. The jackal barely misses you.
Okay, then.
As you read the scroll labeled GUATAH QUUVO, it crumbles to dust.
You assume a fearsome visage.
The bat looks frightened!
The hobgoblin looks frightened!
The bat looks frightened!
The jackal looks frightened!
The rat looks frightened!
It was a scroll of fear.
Cornered, the bat turns to fight!
Cornered, the jackal turns to fight!
As you read the scroll labeled HIUHUCHEKYSH, it crumbles to dust.
It is a scroll of enchant armour.
You aren't carrying any armour which can be enchanted further.
The jackal closely misses you.
You aren't carrying any potions.
The hobgoblin looks desperately for an escape route.
The jackal bites you but does no damage.
You see here a sedimented amethyst potion.
It was a potion of resistance.
You feel protected. The jackal bites you.
You die...

# #######.# #........
#........
################@.......
.......g..)...bh........
##########.#############
........)..........
.8..8....b......8..
..÷÷...............
..÷...............÷
.8..8...........8..
!.........<........


You could see a jackal and a bat.

Vanquished Creatures
  A hobgoblin (D:1)
  A jackal (D:1)
  2 kobolds (D:1)
  A rat (D:1)
5 creatures vanquished.

Notes
Turn   | Place    | Note
-------+----------+-------------------------------------------
     0 | D:1      | sking99 the Draconian Fire Elementalist began the quest for the Orb.
     0 | D:1      | Reached XP level 1. HP: 14/14 MP: 3/3
    14 | D:1      | Found a shimmering altar of Xom.
    65 | D:1      | Slain by a jackal

Vault maps used:
D:1:      giann_forest_graveyard, xom_teletrap_fun

Action                   || total
-------------------------++-------
Melee: Unarmed           ||     5
       Tailslap          ||     2
 Cast: Flame Tongue      ||     6
  Use: Scroll            ||     2
       Potion            ||     1
Armor: Skin              ||    11
Dodge: Dodged            ||    36

Table legend:
 A = Spawn XP
 B = Non-spawn XP
 C = Spawn XP percentage of total XP
 D = Spawn monster count
 E = Non-spawn monster count
 F = Spawn count percentage of total count
 G = Total turns spent on level
                    A         B        C        D         E        F      G
               +---------+---------+-------+---------+---------+-------+---------
         Total |       0 |       7 |   0.0 |       0 |       5 |   0.0 |    65
               +---------+---------+-------+---------+---------+-------+---------
           D:1 |       0 |       7 |   0.0 |       0 |       5 |   0.0 |    65
               +---------+---------+-------+---------+---------+-------+---------
